 Dungeon Crawl Stone Soup version 0.32-a0-876-gcfddb08e57 (webtiles) character file.

Game seed: 153541618343787794

2 legrandkwe the Caller (level 1, 0/10 HPs)
             Began as a Deep Elf Summoner on Apr 1, 2024.
             Slain by a jackal (2 damage)
             ... on level 2 of the Dungeon.
             The game lasted 00:01:17 (103 turns).

legrandkwe the Caller (Deep Elf Summoner)            Turns: 103, Time: 00:01:18

Health: 0/10       AC:  2    Str:  5    XL:     1   Next: 33%
Magic:  5/6        EV: 11    Int: 19    God:
Gold:   0          SH:  0    Dex: 15    Spells: 5/6 levels left

rFire   . . .        (no weapon)
rCold   . . .        (no shield)
rNeg    . . .        a - +0 robe
rPois   .            (no helmet)
rElec   .            (no cloak)
rCorr   .            (no gloves)
SInv    .            (no boots)
Will    .....        (no amulet)
Stlth   ++           (no ring)
HPRegen 0.21/turn    (no ring)
MPRegen 0.10/turn

%: no passive effects
@: no status effects
A: no striking features
a: no special abilities


You were on level 2 of the Dungeon.
You visited 1 branch of the dungeon, and saw 2 of its levels.

Inventory:

Armour
 a - a +0 robe (worn)
Potions
 b - a potion of magic
 c - a potion of enlightenment {unknown}


   Skills:
 + Level 2.4 Dodging
 + Level 2.4 Stealth
 + Level 3.0 Spellcasting
 + Level 4.5 Summonings


You had 5 spell levels left.
You knew the following spells:

 Your Spells              Type           Power      Damage    Failure   Level
a - Summon Small Mammal   Summ           80%        N/A       2%          1

Your spell library contained the following spells:

 Spells                   Type           Power      Damage    Failure   Level
 Call Imp                 Summ           40%        N/A       3%          2
 Call Canine Familiar     Summ           20%        N/A       7%          3
 Summon Blazeheart Golem  Fire/Summ      11%        N/A       52%         4
 Summon Lightning Spire   Summ/Air       11%        N/A       52%         4


Dungeon Overview and Level Annotations

Branches:
Dungeon (2/15)

Altars:


Message History

Your bat barely misses the jackal.
The jackal attacks as it pursues you!
The jackal bites you but does no damage.
Your bat closely misses the jackal.
Your bat hits the jackal but does no damage.
Your bat completely misses the jackal.
The jackal closely misses you. The jackal bites you.
* * * LOW HITPOINT WARNING * * *
Your bat misses the jackal.
Your bat closely misses the jackal.
The jackal barely misses you. The jackal closely misses you.
Your bat hits the jackal but does no damage.
The jackal attacks as it pursues you!
The jackal bites you but does no damage.
Your bat closely misses the jackal.
The jackal barely misses you. x2
You see here a ball python corpse.
The jackal completely misses you.
Your bat hits the jackal but does no damage.
The jackal misses your bat.
Your bat closely misses the jackal.
Your bat misses the jackal. The jackal attacks as it pursues you!
The jackal bites you but does no damage.
Your bat hits the jackal. The jackal bites your bat. The jackal bites you.
* * * LOW HITPOINT WARNING * * *
The jackal bites your bat.
Your bat dies!
Your bat's corpse disappears in a puff of smoke!
There is a stone staircase leading down here.
The jackal misses you. The jackal completely misses you.
You climb downwards.
There is a stone staircase leading up here.
Casting: Summon Small Mammal (safe; 2% risk of failure)
Confirm with . or Enter, or press ? or * to list all spells.
The jackal barely misses you.
Your rat bites the jackal.
The jackal barely misses you.
Your rat bites the jackal but does no damage.
The jackal bites you but does no damage.
Your rat misses the jackal. The jackal bites you.
* * * LOW HITPOINT WARNING * * *
The jackal bites you.
You die...

########
#..h...#
#..r@..#
#.#.##......#
.......<....#
###.#..........
.. #.########.
.. ... # . ....
#.... #...


You could see a jackal (ally target) and a friendly rat (summoned).

Vanquished Creatures (collateral kills)
  A ball python (D:1)
  A jackal (D:1)
2 creatures vanquished.

Notes
Turn   | Place    | Note
-------+----------+-------------------------------------------
     0 | D:1      | legrandkwe the Deep Elf Summoner began the quest for the
                  | Orb.
     0 | D:1      | Reached XP level 1. HP: 10/10 MP: 6/6
   103 | D:2      | Slain by a jackal

Illustrated notes

Levels and vault maps discovered:
D:1:      wander_arrival_chamber, layout_loops_corners, serial_shops, shop,
          nicolae_diamond_shop, nicolae_shop_hallway_plus, shop,
          nicolae_shop_mannequins, ebering_ecumenical_altar_abandoned,
          st_stairs_7, minmay_hedge_maze, kennysheep_another_room
D:2:      layout_basic, basic_altar, chequers_serial_rivers_micro_e,
          serial_park_tiny_1, chequers_serial_rivers_micro_b, uniq_sigmund,
          uniq_terence

Action                     || total
---------------------------++-------
  Melee: Unarmed           ||     1
   Cast: Summon Small Mamm ||     3
 Armour: Robe              ||    19
  Dodge: Dodged            ||    23

Table legend: (Time is in decaauts)
 A = Elapsed time spent in this place.
 B = Non-inter-level travel time spent in this place.
 C = Inter-level travel time spent in this place.
 D = Time resting spent in this place.
 E = Time spent auto-exploring this place.
 F = Levels seen in this place.
 G = Mean time per level.
                   A        B        C        D        E       F      G
               +--------+--------+--------+--------+--------+-----+--------+
         Total |    102 |    102 |      0 |      0 |     52 |   2 |   51.0 |
       Dungeon |    102 |    102 |      0 |      0 |     52 |   2 |   51.0 |
               +--------+--------+--------+--------+--------+-----+--------+

Top non-repeatable levels by time:
     D:1: 96 daAuts
     D:2: 6 daAuts
